 Dungeon Crawl Stone Soup version 0.28-a0-845-gfc338a8e3c (webtiles) character file.

Game seed: 879740061983600116

33 Rennog the Skirmisher (level 3, -10/36 HPs)
             Began as a Naga Fighter on Nov 13, 2021.
             Was a Follower of Zin.
             Mangled by Terence (11 damage)
             ... on level 1 of the Dungeon.
             The game lasted 00:01:15 (856 turns).

Rennog the Skirmisher (Naga Fighter)                 Turns: 856, Time: 00:01:16

Health: -10/36     AC:  4    Str: 18    XL:     3   Next: 29%
Magic:  3/3        EV:  7    Int:  8    God:    Zin [*.....]
Gold:   11         SH:  4    Dex: 11    Spells: 2/2 levels left

rFire   . . .      SeeInvis +   a - +0 rapier
rCold   . . .      Faith    .   c - +0 buckler
rNeg    . . .      Spirit   .   b - +0 scale mail
rPois   +          Reflect  .   (no helmet)
rElec   .          Harm     .   (no cloak)
rCorr   +          Rampage  .   (no gloves)
Will    .....                   (no barding)
Stlth   ..........              (no amulet)
HPRegen 0.12/turn               f - ring of resist corrosion
MPRegen 0.08/turn               (no ring)

@: mighty, very slow
A: AC +1, large, see invisible, deformed body, poison resistance, slowness 2,
spit poison 1, naga tail 1
a: Spit Poison, Renounce Religion, Recite, Donate Gold


You were on level 1 of the Dungeon.
You worshipped Zin.
Zin was aware of your devotion.
You visited 1 branch of the dungeon, and saw 2 of its levels.

You collected 12 gold pieces.
You donated 1 gold pieces to Zin.

Inventory:

Hand Weapons
 a - a +0 rapier (weapon)
Armour
 b - a +0 scale mail (worn)
 c - a +0 buckler (worn)
Jewellery
 f - a ring of resist corrosion (left hand)
Scrolls
 g - 2 scrolls of identify {unknown}
Potions
 d - a potion of might
 e - 2 potions of ambrosia {unknown}


   Skills:
 * Level 4.3 Fighting
 - Level 2.0 Short Blades
 - Level 2.4 Armour
 - Level 2.4 Shields


You had 2 spell levels left.
You didn't know any spells.
Your spell library contained the following spells:

 Spells                   Type           Power      Damage    Failure   Level
 Call Canine Familiar     Summ           0%         N/A       99%         3
 Portal Projectile        Hex/Tloc       0%         N/A       99%         3
 Leda's Liquefaction      Hex/Erth       0%         N/A       100%        4


Dungeon Overview and Level Annotations

Branches:
Dungeon (2/15)

Altars:
Zin

Annotations:
D:1 Terence


Innate Abilities, Weirdness & Mutations

Your serpentine skin is tough. (AC +1)
You have supernaturally acute eyesight. (SInv)
Armour fits poorly on your strangely shaped body.
Your system is resistant to poisons. (rPois)
You cover ground very slowly.
You can spit poison.
You have a snake-like lower body.


Message History

You are too injured to fight recklessly!
You are too injured to fight recklessly!
There is a stone staircase leading up here.
The goblin hits you but does no damage.
You climb upwards.
There is a stone staircase leading down here.
You are too injured to fight recklessly!
The goblin barely misses you. You block the goblin's attack.
You puncture the goblin!
You kill the goblin!
Things that are here:
a +0 dagger; a goblin corpse You see here 17 stones.
There is a stone staircase leading down here.
You climb downwards.
Level annotation: Terence The kobold hits you but does no damage.
There is a stone staircase leading up here.
Terence hits you with a +0 flail.
The kobold hits you with a +0 short sword.
You climb upwards.
There is a stone staircase leading down here.
You block Terence's attack.
The kobold hits you with a +0 short sword.
Terence screams, "I'm going to kill you!"
Terence hits you with a +0 flail.
* * * LOW HITPOINT WARNING * * *
You see here a quokka skeleton.
You feel very mighty all of a sudden. Terence hits you but does no damage.
You puncture Terence!
Terence is heavily wounded.
Terence hits you with a +0 flail!
* * * LOW HITPOINT WARNING * * *
Terence hits you with a +0 flail.
* * * LOW HITPOINT WARNING * * *
You puncture Terence!
Terence is almost dead.
Terence hits you with a +0 flail!
You die...

#....#
#.......######
# #....#
#.......# #
####.#
#.(.....# #
#.# #.>.....#
# #.#
#.####..# #
#.# #.#
##.#### # #.#
##รท# #....##
# #.# ####@.#
####..####
###.###..@K##
##..##.
#.......####
##.##.
#......##
#.##. #......#
#)).. #......#
#.... #......#
#..[. #......#
##... ########
#... #...


You could see Terence and a kobold.

Vanquished Creatures
  A dart slug (D:1)
  A ball python (D:1)
  An endoplasm (D:1)
  5 giant cockroaches
  4 goblins (D:1)
  3 hobgoblins (D:1)
  4 jackals (D:1)
  A quokka (D:1)
  A bat (D:1)
  2 frilled lizards (D:1)
  A kobold (D:1)
  3 rats (D:1)
27 creatures vanquished.

Notes
Turn   | Place    | Note
-------+----------+-------------------------------------------
     0 | D:1      | Rennog the Naga Fighter began the quest for the Orb.
     0 | D:1      | Reached XP level 1. HP: 21/21 MP: 1/1
   114 | D:1      | Reached XP level 2. HP: 25/28 MP: 2/2
   270 | D:1      | Reached skill level 4 in Fighting
   423 | D:1      | Found a faded altar of an unknown god.
   458 | D:1      | Prayed at the altar of an unknown god.
   458 | D:1      | Became a worshipper of Zin the Law-Giver
   458 | D:1      | Reached * piety under Zin
   541 | D:1      | Reached XP level 3. HP: 36/36 MP: 3/3
   792 | D:2      | Noticed Terence
   855 | D:1      | HP: 1/36 [Terence (1)]
   856 | D:1      | Mangled by Terence

Illustrated notes

Levels and vault maps discovered:
D:1:      lemuel_arrival_river_bridge, layout_rooms,
          hellmonk_ecumenical_altar_dog_temple
D:2:      layout_basic, uniq_terence

Skill      XL: |  1  2 |
---------------+-------+-----
Fighting       | 4 |  4.3
Short Blades   | |  2.0
Armour         | |  2.4
Shields        | |  2.4

Action                   || total
-------------------------++-------
Melee: Rapier            ||    69
  Use: Potion            ||     1
Armor: Scale mail        ||    33
Dodge: Dodged            ||    34
Block: Buckler           ||    14

Table legend: (Time is in decaauts)
 A = Elapsed time spent in this place.
 B = Non-inter-level travel time spent in this place.
 C = Inter-level travel time spent in this place.
 D = Time resting spent in this place.
 E = Time spent auto-exploring this place.
 F = Levels seen in this place.
 G = Mean time per level.
                   A        B        C        D        E       F      G
               +--------+--------+--------+--------+--------+-----+--------+
         Total |   1067 |    985 |     82 |      0 |    789 |   2 |  533.5 |
       Dungeon |   1067 |    985 |     82 |      0 |    789 |   2 |  533.5 |
               +--------+--------+--------+--------+--------+-----+--------+

Top non-repeatable levels by time:
     D:1: 1053 daAuts
     D:2: 14 daAuts
